 Dungeon Crawl Stone Soup version 0.31.0-11-ge490571c62 (webtiles) character file.

Game seed: 14376404595647637273

1901 Skitler the Covert (level 9, -9/74 HPs)
             Began as a Gnoll Delver on Feb 3, 2024.
             Mangled by a bog mummy (15 damage)
             ... in an ossuary.
             The game lasted 00:14:00 (6312 turns).

Skitler the Covert (Gnoll Delver)                   Turns: 6312, Time: 00:14:00

Health: -9/74      AC:  7    Str: 19      XL:     9   Next: 15%
Magic:  15/15      EV: 15    Int: 10 (11) God:
Gold:   146        SH:  0    Dex: 20 (21) Spells: 16/16 levels left

rFire   . . .        H - +1 whip (venom)
rCold   . . .        (no shield)
rNeg    . . .        b - +0 leather armour
rPois   +            u - +0 helmet
rElec   +            v - +0 cloak
rCorr   .            n - +0 pair of gloves
SInv    .            (no boots)
Will    .....        (no amulet)
Stlth   +++++        z - ring of Jilary {^Contam rElec rPois Str+6 Slay+6}
HPRegen 0.32/turn    A - +6 ring of dexterity
MPRegen 0.14/turn

%: no passive effects
@: slowed, very slow
A: fangs 1, strong nose, distributed training, deterioration 1
a: no special abilities


You were in an ossuary.
You visited 1 branch of the dungeon, and saw 7 of its levels.
You also visited: Ossuary.

You collected 344 gold pieces.
You spent 198 gold pieces at shops.

Inventory:

Hand Weapons
 a - a +0 hand axe
 r - a +0 dagger of venom
 t - a +0 dagger of speed
 F - a +4 flail of freezing
 H - a +1 whip of venom (weapon)
Missiles
 B - 7 poisoned darts (quivered)
Armour
 b - a +0 leather armour (worn)
 n - a +0 pair of gloves (worn)
 u - a +0 helmet (worn)
 v - a +0 cloak (worn)
Magical Staves
 C - a staff of death
Jewellery
 l - a ring of protection from fire
 s - a ring of ice
 z - the ring of Jilary (left hand) {^Contam rElec rPois Str+6 Slay+6}
   (You found it on level 4 of the Dungeon)

   [ring of strength]

   Str+6:     It affects your strength (+6).
   Slay+6:    It affects your accuracy & damage with ranged weapons and melee
   (+6).
   rElec:     It insulates you from electricity.
   rPois:     It protects you from poison ^Contam: It causes magical
   contamination when unequipped.
 A - a +6 ring of dexterity (right hand)
Wands
 g - a wand of digging (3)
 G - a wand of paralysis (7)
Scrolls
 c - a scroll of fog
 d - a scroll of revelation
 e - a scroll of fear
 h - a scroll of enchant weapon {unknown}
 i - 5 scrolls of teleportation
 k - 9 scrolls of identify
 o - 2 scrolls of blinking {unknown}
 w - a scroll of amnesia {unknown}
 y - a scroll of acquirement {unknown}
 D - a scroll of enchant armour
 E - a scroll of noise
Potions
 f - 2 potions of attraction {unknown}
 j - a potion of lignification {unknown}
 m - a potion of berserk rage {unknown}
 q - a potion of mutation {unknown}
 x - a potion of might {unknown}


   Skills:
 + Level 7.8 Fighting
 + Level 4.1 Short Blades
 + Level 4.1 Long Blades
 + Level 6.2 Axes
 + Level 4.1 Maces & Flails
 + Level 4.1 Polearms
 + Level 4.1 Staves
 + Level 4.1 Ranged Weapons
 + Level 4.1 Throwing
 + Level 4.1 Armour
 + Level 6.2 Dodging
 + Level 10.4 Stealth
 + Level 4.1 Shields
 + Level 4.1 Unarmed Combat
 + Level 4.1 Spellcasting
 + Level 3.4 Conjurations
 + Level 3.4 Hexes
 + Level 3.4 Summonings
 + Level 3.4 Necromancy
 + Level 3.4 Translocations
 + Level 3.4 Fire Magic
 + Level 3.4 Ice Magic
 + Level 3.4 Air Magic
 + Level 3.4 Earth Magic
 + Level 3.4 Alchemy
 + Level 4.5 Invocations
 + Level 4.1 Evocations
 + Level 3.7 Shapeshifting


You had 16 spell levels left.
You didn't know any spells.
Your spell library contained the following spells:

 Spells                   Type           Power      Damage    Failure   Level
 Necrotise                Necr           32%        1d5       7%          1
 Shock                    Conj/Air       32%        1d5       7%          1
 Swiftness                Air            8%         N/A       22%         3
 Vampiric Draining        Necr           8%         2d6       22%         3
 Airstrike                Air            4%         2d(1-17)  56%         4
 Martyr's Knell           Necr/Summ      8%         N/A       56%         4
 Curse of Agony           Necr           8%         N/A       89%         5


Dungeon Overview and Level Annotations

Branches:
Dungeon (7/15)             Temple (0/1) D:7         Ossuary (1/1)

Altars:
Ashenzari
Hepliaklqana
Kikubaaqudgha
Qazlal
Trog
Uskayaw
Wu Jian
Yredelemnul
The Shining One

Shops:
D:3 !   D:6 ?


Innate Abilities, Weirdness & Mutations

You have very sharp teeth.
Your uncanny sense of smell can sniff out nearby items.
Your experience applies equally to all skills.
Your body sometimes deteriorates upon taking damage.


Message History

You barely miss the bog mummy. You bite the bog mummy.
You destroy the bog mummy!
The bog mummy splashes around in the water.
The bog mummy casts a spell at you.
You feel as though you will be slow longer.
Unknown command.
You whack the bog mummy!
You destroy the bog mummy!
You hit the bog mummy. You bite the bog mummy.
The bog mummy is almost destroyed.
The bog mummy points at you and mumbles some strange words.
The puff of frost hits you!
* * * LOW HITPOINT WARNING * * *
You hit the bog mummy.
You destroy the bog mummy!
The bog mummy hits you!
* * * LOW HITPOINT WARNING * * *
The bog mummy gestures at you while chanting.
You feel as though you will be slow longer.
You feel better. The bog mummy misses you.
You hit the bog mummy. You punch the bog mummy.
The bog mummy is heavily damaged.
The bog mummy completely misses you.
You hit the bog mummy but do no damage. You bite the bog mummy.
The bog mummy is heavily damaged.
The bog mummy points at you and mumbles some strange words.
You easily resist.
The bog mummy misses you.
You hit the bog mummy but do no damage.
The bog mummy is heavily damaged.
The bog mummy hits you!
* * * LOW HITPOINT WARNING * * *
You whack the bog mummy! You punch the bog mummy.
You destroy the bog mummy!
The bog mummy splashes around in the water.
You whack the bog mummy!
The bog mummy is heavily damaged.
You hit the bog mummy.
The bog mummy is severely damaged.
The bog mummy hits you!
You die...

≈ #≈≈ #≈ ##≈≈
#~###~~##### .
.~.~.~#≈#≈##
.~~#~#.~~~≈#≈#
..M~M.~~.≈≈≈#
#####~~≈~≈≈##
∆∆∆
#...#M..≈≈≈≈#
∆∆∆
#.∩.@.#≈###≈#
∆∆∆ #∩..#~+P#
#####~#~~
~~+.~≈ #.#≈#≈#
∆∆∆ #.+Z###
∆∆∆ +.### ∆∆∆
#.+


You could see a bog mummy.

Vanquished Creatures
  A gargoyle (D:6)
  An ice beast (D:5)
  A black bear (D:4)
  2 ogres (D:5)
  A centaur (D:7)
  A gnoll sergeant (D:6)
  2 scorpions
  3 wights (D:6)
  A crimson imp (D:4)
  2 hounds
  2 bombardier beetles (D:5)
  2 orc priests (D:5)
  A sleepcap (D:6)
  5 mummies (Ossuary)
  3 iguanas
  An orc wizard (D:6)
  A hound zombie (D:4)
  A howler monkey zombie (D:4)
  Robin (D:2)
  7 gnolls
  12 adders
  A white imp (D:6)
  3 adder zombies (D:4)
  4 dart slugs
  13 orcs
  7 ball pythons
  3 bats
  7 endoplasms
  A giant cockroach (D:1)
  13 goblins
  8 hobgoblins
  22 jackals
  7 kobolds
  6 quokkas
  8 frilled lizards (D:1)
  A goblin skeleton (D:4)
  3 goblin zombies (D:4)
  3 hobgoblin zombies (D:4)
  2 kobold zombies (D:4)
  An orc skeleton (D:4)
  An orc zombie (D:4)
  5 rats
170 creatures vanquished.

Notes
Turn   | Place    | Note
-------+----------+-------------------------------------------
     0 | D:5      | Reached skill level 9 in Stealth
     0 | D:5      | Skitler the Gnoll Delver began the quest for the Orb.
     0 | D:5      | Reached XP level 1. HP: 23/23 MP: 1/1
    67 | D:3      | Reached XP level 2. HP: 26/29 MP: 2/2
   263 | D:1      | Reached XP level 3. HP: 34/35 MP: 3/3
   345 | D:1      | Reached skill level 1 in Invocations
   641 | D:2      | Reached skill level 1 in Short Blades
   641 | D:2      | Reached skill level 1 in Long Blades
   641 | D:2      | Reached skill level 1 in Maces & Flails
   641 | D:2      | Reached skill level 1 in Polearms
   641 | D:2      | Reached skill level 1 in Staves
   641 | D:2      | Reached skill level 1 in Ranged Weapons
   641 | D:2      | Reached skill level 1 in Throwing
   641 | D:2      | Reached skill level 1 in Armour
   641 | D:2      | Reached skill level 1 in Shields
   641 | D:2      | Reached skill level 1 in Unarmed Combat
   641 | D:2      | Reached skill level 1 in Spellcasting
   641 | D:2      | Reached skill level 1 in Evocations
   939 | D:2      | Reached skill level 1 in Shapeshifting
   939 | D:2      | Reached XP level 4. HP: 41/41 MP: 5/5
   943 | D:2      | Noticed Robin
   998 | D:2      | Killed Robin
   999 | D:2      | Reached skill level 1 in Conjurations
   999 | D:2      | Reached skill level 1 in Hexes
   999 | D:2      | Reached skill level 1 in Summonings
   999 | D:2      | Reached skill level 1 in Necromancy
   999 | D:2      | Reached skill level 1 in Translocations
   999 | D:2      | Reached skill level 1 in Fire Magic
   999 | D:2      | Reached skill level 1 in Ice Magic
   999 | D:2      | Reached skill level 1 in Air Magic
   999 | D:2      | Reached skill level 1 in Earth Magic
   999 | D:2      | Reached skill level 1 in Alchemy
  1451 | D:2      | Reached XP level 5. HP: 47/47 MP: 7/7
  1827 | D:3      | Found an ancient bone altar of Kikubaaqudgha.
  1929 | D:3      | Found Roageym's Distillery.
  1937 | D:3      | Bought a potion of curing for 36 gold pieces
  2794 | D:4      | Found a stormy altar of Qazlal.
  2832 | D:4      | Reached XP level 6. HP: 53/53 MP: 8/8
  2839 | D:4      | Reached skill level 5 in Axes
  2839 | D:4      | Reached skill level 5 in Dodging
  2861 | D:4      | Found a basalt altar of Yredelemnul.
  2981 | D:4      | Identified the ring of Jilary {^Contam rElec rPois Str+6
                  | Slay+6}
  3159 | D:4      | Noticed a black bear
  3168 | D:4      | Killed a black bear
  3169 | D:4      | Reached XP level 7. HP: 53/60 MP: 10/10
  3276 | D:4      | Found a glowing golden altar of the Shining One.
  4151 | D:5      | Found a bloodstained altar of Trog.
  4154 | D:5      | Found a broken altar of Ashenzari.
  4187 | D:5      | Reached skill level 10 in Stealth
  4504 | D:5      | Reached XP level 8. HP: 20/67 MP: 12/12
  4529 | D:5      | Gained mutation: Your body sometimes deteriorates upon
                  | taking damage. [mutagenic glow]
  4891 | D:5      | Found an ornate altar of the Wu Jian Council.
  5003 | D:6      | Found Muorchis's Magic Scroll Shoppe.
  5072 | D:6      | Bought a scroll of enchant armour for 90 gold pieces
  5072 | D:6      | Bought a scroll of teleportation for 36 gold pieces
  5072 | D:6      | Bought a scroll of noise for 12 gold pieces
  5072 | D:6      | Bought a scroll of identify for 24 gold pieces
  5083 | D:6      | Found a hide-covered altar of Uskayaw.
  5347 | D:6      | Noticed a gargoyle
  5349 | D:6      | Killed a gargoyle
  5657 | D:6      | Reached XP level 9. HP: 25/73 MP: 14/14
  6049 | D:6      | Found a hazy altar of Hepliaklqana.
  6273 | D:7      | Found a sand-covered staircase.
  6278 | Ossuary  | Entered an ossuary
  6312 | Ossuary  | Mangled by a bog mummy

Illustrated notes

Levels and vault maps discovered:
D:1:      minmay_arrival_five_plusses, layout_basic
D:2:      layout_loops_corners, uniq_robin
D:3:      layout_basic, mainiacjoe_overflow_six_doors_small, serial_shops, shop,
          minmay_liquid_box, grunt_ministairs_3, minmay_misc_feat_square
D:4:      layout_layer_cave, nicolae_yredelemnul_corpse_copse,
          amcnicky_altar_gilded, nicolae_tso_besieged_by_evil
D:5:      layout_rooms, nicolae_wu_jian_wuxing_cycle, nicolae_overflow_squiral,
          amcnicky_mini_corridor_feature, serial_library_hellmonk_open_cross
D:6:      layout_loops_corners, mainiacjoe_overflow_brackets,
          nicolae_hepliaklqana_hippocampus, serial_shops, shop
D:7:      layout_basic, minmay_temple_entry_statues_fountains, enter_ossuary_5,
          chequers_arboretum, chequers_serial_rivers_room_a
Ossuary:  ossuary_zaba_flooded

Skill      XL: |  1  2  3  4  5  6  7  8  9 |
---------------+----------------------------+-----
Stealth        | 10 | 10.4
Invocations    | 1 2 3 4 |  4.5
Short Blades   | 1 2 3 4 |  4.1
Long Blades    | 1 2 3 4 |  4.1
Maces & Flails | 1 2 3 4 |  4.1
Polearms       | 1 2 3 4 |  4.1
Staves         | 1 2 3 4 |  4.1
Ranged Weapons | 1 2 3 4 |  4.1
Throwing       | 1 2 3 4 |  4.1
Armour         | 1 2 3 4 |  4.1
Shields        | 1 2 3 4 |  4.1
Unarmed Combat | 1 2 3 4 |  4.1
Spellcasting   | 1 2 3 4 |  4.1
Evocations     | 1 2 3 4 |  4.1
Shapeshifting  | 1 2 3 |  3.7
Conjurations   | 1 2 3 |  3.4
Hexes          | 1 2 3 |  3.4
Summonings     | 1 2 3 |  3.4
Necromancy     | 1 2 3 |  3.4
Translocations | 1 2 3 |  3.4
Fire Magic     | 1 2 3 |  3.4
Ice Magic      | 1 2 3 |  3.4
Air Magic      | 1 2 3 |  3.4
Earth Magic    | 1 2 3 |  3.4
Alchemy        | 1 2 3 |  3.4
Axes           | 5 6 |  6.2
Dodging        | 5 6 |  6.2
Fighting       | 7 |  7.8

Action                     |  1- 3 |  4- 6 |  7- 9 || total
---------------------------+-------+-------+-------++-------
  Melee: Hand axe          |    88 |       |       ||    88
         Bite              |     6 |    22 |    30 ||    58
         Dagger            |    29 |   205 |   138 ||   372
         Punch             |     3 |     4 |     8 ||    15
         Whip              |       |       |    24 ||    24
         Flail             |       |       |     7 ||     7
  Throw: Dart              |       |       |     3 ||     3
    Use: Potion            |       |     2 |     3 ||     5
         Scroll            |       |       |     1 ||     1
   Stab: Sleeping          |     6 |    12 |    14 ||    32
         Distracted        |     1 |       |       ||     1
 Armour: Leather armour    |    51 |   103 |    77 ||   231
  Dodge: Dodged            |    79 |   136 |    70 ||   285
